 Dungeon Crawl Stone Soup version 0.17-a0-1510-gb3fb22e (webtiles) character file.

1320 urechis the Fighter (level 8, -5/55 HPs)
             Began as a Gargoyle Fighter on July 11, 2015.
             Killed from afar by Pikel (22 damage)
             ... with a wand of cold
             ... on level 6 of the Dungeon.
             The game lasted 00:05:26 (4269 turns).

urechis the Fighter (Gargoyle Fighter)              Turns: 4269, Time: 00:05:26

Health: -5/55      AC: 14    Str: 22    XL:     8   Next: 59%
Magic:  17/17      EV:  5    Int:  9    God:
Gold:   187        SH:  9    Dex:  9    Spells: 0 memorised, 7 levels left

rFire  . . .     SeeInvis .     a - +0 flail
rCold  . . .     Clarity  .     m - +0 chain mail (curse)
rNeg   + . .     SustAt   .     c - +0 shield
rPois  ∞         Gourm    .     (no helmet)
rElec  +         Spirit   .     (no cloak)
rCorr  .         Warding  .     (no gloves)
rMut   .         Stasis   .     (no boots)
MR     .....                    (no amulet)
Stlth  ..........               (no ring)
                                l - ring of magical power

@: marked, not resistant to hostile enchantments, extremely unstealthy
A: negative energy resistance 1, electricity resistance, unbreathing,
petrification resistance, rot immunity, AC +5
a: no special abilities


You were on level 6 of the Dungeon.
You were very hungry.

You visited 2 branches of the dungeon, and saw 7 of its levels.
You also visited: Ossuary.

You collected 187 gold pieces.

Inventory:

Hand weapons
 a - a +0 flail (weapon)
Armour
 c - a +0 shield (worn)
 m - a cursed +0 chain mail (worn)
Jewellery
 l - a ring of magical power (left hand)
 A - an uncursed ring of magical power
Magical devices
 y - a wand of flame (33)
 B - a wand of paralysis (11)
Scrolls
 b - a scroll of enchant armour {unknown}
 g - 2 scrolls of magic mapping {unknown}
 i - 5 scrolls of remove curse {unknown}
 p - 2 scrolls of teleportation {unknown}
 q - a scroll of recharging {unknown}
 r - 3 scrolls of identify {unknown}
 s - 3 scrolls of amnesia {unknown}
 x - a scroll of blinking {unknown}
 z - a scroll of random uselessness {unknown}
Potions
 d - 3 potions of might
 f - a potion of mutation {unknown}
 h - 3 potions of curing {unknown}
 j - a potion of haste {unknown}
 k - a potion of poison {unknown}
 n - a potion of degeneration {unknown}
 o - a potion of lignification {unknown}
 t - a potion of resistance {unknown}
 u - 2 potions of agility {unknown}
 v - 2 potions of heal wounds {unknown}
 w - a potion of magic {unknown}
Comestibles
 e - 2 bread rations


   Skills:
 + Level 8.6 Fighting
 + Level 7.4 Maces & Flails
 - Level 3.2 Armour
 - Level 3.2 Shields


You had 7 spell levels left.
You didn't know any spells.

Dungeon Overview and Level Annotations

Branches:
Dungeon (6/15)             Temple (1/1) D:4

Altars:
Ashenzari
Cheibriados
Dithmenos
Elyvilon
Gozag
Nemelex Xobeh
Okawaru
Xom
Yredelemnul
Zin

Annotations:
D:6 Eustachio, Pikel


Innate Abilities, Weirdness & Mutations

You are resistant to torment.
Your stone body is resilient (AC +5).
You are immune to poison.
You resist negative energy.
You are resistant to electric shocks.
You can survive without breathing.
You are immune to petrification.
You are immune to rotting.


Message History

Pikel is lightly wounded.
The orc priest moves out of view.
Pikel hits you but does no damage.
An orc comes into view. It is wielding an enchanted dagger.
Your shield and chain mail prevent you from hitting Pikel.
Pikel is lightly wounded.
Pikel hits you with a whip of freezing. Pikel freezes you.
* * * LOW HITPOINT WARNING * * *
The orc moves out of view.
You barely miss Pikel.
Pikel is lightly wounded.
Eustachio casts a spell.
Eustachio blinks!
Pikel zaps a wand.
The bolt of cold misses you.
Your shield and chain mail prevent you from hitting Pikel.
Pikel is lightly wounded.
Pikel completely misses you.
A goblin and an orc come into view.
You sock Pikel!
Pikel is moderately wounded.
The orc moves out of view.
Pikel zaps a wand.
The bolt of cold hits you!
You die...

#.......##
#....##..#
#....###.#
###.## #.#
#.# #.###
#.#
#...#######
#.#
###.......#
#.#
##......#
#@.@...#
#K######


app YK#p. aZ# ... o## .... go ..... .. ...... You could see Eustachio, Pikel, a
sky beast, 3 slaves, 2 worker ants, an orc priest, an orc, a goblin, a kobold
and a bat skeleton.

Vanquished Creatures
  A sky beast (D:5)
  A phantom (D:5)
  A centaur (D:4)
  The ghost of badblocks the Chopper, an average FoBe of Trog (D:3)
  5 elf zombies (Ossuary)
  5 human zombies (Ossuary)
  2 centaur zombies (Ossuary)
  2 crimson imps (D:5)
  2 giant frog skeletons
  An iguana (D:5)
  A worker ant (D:4)
  4 mummies
  6 adders
  A shadow imp (D:5)
  An ooze (D:2)
  4 worms
  5 giant geckos
  8 orcs
  3 giant cockroaches (D:1)
  5 goblins
  14 hobgoblins
  22 jackals
  8 kobolds
  A quokka (D:3)
  2 ball pythons
  11 bats
  4 giant newts
  A quokka skeleton (D:4)
  8 rats
130 creatures vanquished.

Vanquished Creatures (others)
  A bat (D:4)
1 creature vanquished.

Grand Total: 131 creatures vanquished

Notes
Turn   | Place    | Note
--------------------------------------------------------------
     0 | D:1      | urechis the Gargoyle Fighter began the quest for the Orb.
     0 | D:1      | Reached XP level 1. HP: 14/14 MP: 1/1
   131 | D:1      | Reached XP level 2. HP: 16/19 MP: 2/2
   290 | D:1      | Reached skill level 4 in Fighting
   299 | D:1      | Reached XP level 3. HP: 21/24 MP: 3/3
   957 | D:2      | Reached XP level 4. HP: 23/30 MP: 4/4
  1534 | D:3      | Reached skill level 5 in Fighting
  1561 | D:3      | Reached XP level 5. HP: 20/35 MP: 5/5
  1712 | D:3      | Noticed badblocks's ghost (average FoBe)
  1724 | D:3      | Killed badblocks's ghost
  2129 | D:3      | Reached XP level 6. HP: 33/41 MP: 6/6
  2257 | D:4      | Found a staircase to the Ecumenical Temple.
  2329 | D:4      | Found a sand-covered staircase.
  2335 | Ossuary  | Entered an ossuary
  2454 | Ossuary  | Reached skill level 6 in Fighting
  2477 | Ossuary  | Reached skill level 5 in Maces & Flails
  2477 | Ossuary  | Reached XP level 7. HP: 38/47 MP: 7/7
  2555 | Ossuary  | Reached skill level 7 in Fighting
  2939 | D:4      | Reached XP level 8. HP: 46/53 MP: 8/8
  2959 | Temple   | Entered the Ecumenical Temple
  3491 | D:5      | Entered Level 5 of the Dungeon
  3543 | D:5      | Reached skill level 8 in Fighting
  3550 | D:5      | Found a shattered altar of Ashenzari.
  3671 | D:5      | Found a snail-covered altar of Cheibriados.
  4258 | D:6      | Noticed Pikel
  4264 | D:6      | Noticed Eustachio
  4269 | D:6      | Killed from afar by Pikel

Vault maps used:
D:1:      dpeg_cavernosity
D:4:      kennysheep_big_flooded_room, minmay_temple_entry_statues_fountains,
          gup_ossuary_entry_pyramid, hangedman_decor_slide_cut
D:5:      overflow_temple_1_default, nicolae_overflow_hidden_temple, first_bread
D:6:      grunt_temple_overflow_magic_moments, overflow_temple_1_default,
          lemuel_crystal_altar, kennysheep_mini, uniq_menkaure, uniq_pikel,
          uniq_eustachio
Temple:   minmay_temple_curvy_8
Ossuary:  ossuary_minmay_four_chambers

Action                   |  1- 3 |  4- 6 |  7- 9 || total
-------------------------+-------+-------+-------++-------
Melee: Flail             |   180 |   293 |   308 ||   781
  Eat: Chunk             |     1 |     3 |     3 ||     7
       Bread ration      |       |     1 |       ||     1
